 Dungeon Sprint DCSS version 0.30-a0-883-g5ad918d77d (webtiles) character file.

Game seed: 4341811203097551472

258 sircluck the Grappler (level 7, -7/70 HPs)
             Began as a Troll Gladiator on Mar 15, 2023.
             Mangled by a naga warlord
             ... wielding a +2 vampiric halberd
              (26 damage)
             ... in the Dungeon (Sprint VI: "Thunderdome").
             The game lasted 00:03:13 (627 turns).

sircluck the Grappler (Troll Gladiator)              Turns: 627, Time: 00:03:14

Health: -7/70      AC:  4    Str: 25    XL:     7   Next: 11%
Magic:  6/6        EV: 12    Int:  4    God:
Gold:   200        SH:  0    Dex: 11    Spells: 6/6 levels left

rFire   . . .      SeeInvis .      - Unarmed
rCold   . . .      Faith    .    (no shield)
rNeg    . . .      Spirit   .    a - +0 robe
rPois   .          Reflect  .    b - +0 hat
rElec   .          Rampage  .    (no cloak)
rCorr   .          NoTele   +    (gloves unavailable)
Will    .....                    (boots unavailable)
Stlth   +                        (no amulet)
HPRegen 1.11/turn                (no ring)
MPRegen 0.10/turn                (no ring)

@: lethally poisoned (-7 -> -7)
A: large, unfitting armour, claws 3, regeneration 1, shaggy fur 1, tough skin 1
a: no special abilities


You were in the Dungeon.
You visited 1 branch You collected 600 gold pieces.
You spent 400 gold pieces at shops.

Inventory:

Hand Weapons
 o - a +1 dagger of electrocution
Missiles
 c - 3 throwing nets (quivered)
 d - a large rock
 p - 16 poisoned darts
Armour
 a - a +0 robe (worn)
 b - a +0 hat (worn)
Wands
 l - a wand of light (5)
 m - a wand of iceblast (5)
Scrolls
 j - 4 scrolls of blinking
 n - 3 scrolls of fog
Potions
 e - a potion of curing
 f - 4 potions of heal wounds
 g - 4 potions of haste
 h - 2 potions of magic
 i - a potion of berserk rage
 k - a potion of resistance
Miscellaneous
 q - a quad damage


   Skills:
 + Level 4.3 Fighting
 + Level 3.7 Throwing
 + Level 8.6 Dodging
 + Level 0.3 Stealth
 + Level 10.6 Unarmed Combat


You had 6 spell levels left.
You didn't know any spells.
Your spell library was empty.

Dungeon Overview and Level Annotations

Branches:
Dungeon (1/1)

Altars:
Cheibriados
Dithmenos
Fedhas
Gozag
Kikubaaqudgha
Makhleb
Okawaru
Qazlal
Ru
Sif Muna
Trog
Uskayaw
Vehumet
Wu Jian
Xom
Yredelemnul
Zin
The Shining One
Lugonu

Shops:
D *[??*?*:[((!!!!


Innate Abilities, Weirdness & Mutations

You are too large for most types of armour.
You have claws for hands.
Your natural rate of healing is unusually fast.
You are covered in fur. (AC +1)
You have tough skin. (AC +1)


Message History

You feel sick.
You feel sick.
You now have 200 gold pieces.
You feel sick.
You start resting.
You feel sick. x4
You are no longer poisoned.
You start resting.
A naga warlord comes into view. It is wielding a +2 vampiric halberd.
The naga warlord shouts!
A naga sharpshooter comes into view. It is wielding a +0 flail.
The naga warlord spits poison at you. The splash of poison hits you!
You are poisoned.
You feel sick.
The naga warlord hits you with a +2 vampiric halberd!!!
Ouch! That really hurt!
* * * LOW HITPOINT WARNING * * *
The naga warlord barely misses you.
You are too injured to fight recklessly!
You are too injured to fight recklessly!
You are too injured to fight recklessly!
You are too injured to fight recklessly!
You are too injured to fight recklessly!
You are too injured to fight recklessly!
You are too injured to fight recklessly!
You are too injured to fight recklessly!
You are too injured to fight recklessly!
You are too injured to fight recklessly!
You are too injured to fight recklessly!
You are too injured to fight recklessly!
You are too injured to fight recklessly!
You are too injured to fight recklessly!
You are too injured to fight recklessly!
You are too injured to fight recklessly!
You are too injured to fight recklessly!
You are too injured to fight recklessly!
You mangle the naga warlord!!
The naga warlord is lightly wounded.
You feel sick.
The naga warlord hits you with a +2 vampiric halberd!!
You die...

######.8.........8.#####
##.___......###.......__∩
###∩........8.# #.8........
##.............###.N........
#⌠..........###...###.†.....
#⌠..........# #.<.# #.......
#⌠.)..).....###...###.......
##........N[...###..........
###∩.(....@.8.# #.8........
##∩_._......###......_._∩
######)8.........8.#####
#)...........⌠#
###.........### #_......)_#
#_........# #_......._#
#∩.......∩#


You could see a naga warlord (catching breath).

Vanquished Creatures
  A naga (D)
  A phantom (D)
  2 kobold brigands (D)
  5 vampire bats (D)
  Terence (D)
  A river rat (D)
  A worm (D)
  3 quokkas (D)
  2 bats (D)
  4 kobolds (D)
  2 rats (D)
23 creatures vanquished.

Notes
Turn   | Place    | Note
-------+----------+-------------------------------------------
     0 | D        | sircluck the Troll Gladiator began the quest for the Orb.
     0 | D        | Reached XP level 1. HP: 19/19 MP: 0/0
     4 | D        | Found a stormy altar of Qazlal.
     4 | D        | Found a shimmering blue altar of Sif Muna.
     5 | D        | Found an iron altar of Okawaru.
     5 | D        | Found a snail-covered altar of Cheibriados.
     5 | D        | Round 1.
     9 | D        | Found a glowing silver altar of Zin.
    10 | D        | Found a shimmering altar of Xom.
    11 | D        | Found a glowing golden altar of the Shining One.
    11 | D        | Found a hide-covered altar of Uskayaw.
    12 | D        | Found a sacrificial altar of Ru.
    12 | D        | Found Axua's Premium Goods.
    12 | D        | Found Woniock's Weapon Rack.
    13 | D        | Found an ornate altar of the Wu Jian Council.
    13 | D        | Found Zunt's Miscellaneous Merchandise.
    13 | D        | Found Qipana's Basic Armour.
    31 | D        | Found a shadowy altar of Dithmenos.
    35 | D        | Found an opulent altar of Gozag.
    35 | D        | Found Ustajuf's Do-It-Yourself Clinic.
    35 | D        | Found Delam's Bottled Wisdom.
    36 | D        | Found Totzaad's Distillery.
    42 | D        | Found a bloodstained altar of Trog.
    42 | D        | Found Kuclicatz's Distillery.
    42 | D        | Found a basalt altar of Yredelemnul.
    55 | D        | Found a corrupted altar of Lugonu.
    72 | D        | Found a blossoming altar of Fedhas.
    73 | D        | Found an ancient bone altar of Kikubaaqudgha.
    74 | D        | Found a radiant altar of Vehumet.
    74 | D        | Found Saiwky's Staff Store.
    74 | D        | Found Rogg's Magic Scroll Shop.
    75 | D        | Found Jomamp's Must-Have Magic.
    75 | D        | Found Hunoiq's Magic Scroll Shop.
    97 | D        | Found a burning altar of Makhleb.
    97 | D        | Found Hunkoid's Jewellery.
    98 | D        | Found Zuehoule's Advanced Armour.
    99 | D        | Found Ijegeer's Identification Station.
   156 | D        | Noticed a phantom
   159 | D        | Noticed Terence
   169 | D        | Killed Terence
   170 | D        | Reached skill level 4 in Unarmed Combat
   170 | D        | Reached XP level 2. HP: 28/28 MP: 1/1
   170 | D        | Reached XP level 3. HP: 35/35 MP: 2/2
   175 | D        | Killed a phantom
   175 | D        | Arena points: 12 (+12) [x2]
   176 | D        | Reached skill level 5 in Dodging
   176 | D        | Reached skill level 6 in Unarmed Combat
   176 | D        | Reached XP level 4. HP: 42/44 MP: 3/3
   210 | D        | Round 2.
   223 | D        | Arena points: 54 (+42) [x3]
   293 | D        | Round 3.
   333 | D        | Noticed a kobold brigand
   338 | D        | Killed a kobold brigand
   339 | D        | Reached skill level 7 in Unarmed Combat
   339 | D        | Reached XP level 5. HP: 50/53 MP: 4/4
   415 | D        | Arena points: 138 (+84) [x4]
   416 | D        | Reached skill level 8 in Unarmed Combat
   442 | D        | Bought a quad damage for 400 gold pieces
   485 | D        | Round 4.
   491 | D        | Reached XP level 6. HP: 62/62 MP: 5/5
   495 | D        | Reached skill level 9 in Unarmed Combat
   508 | D        | Reached skill level 10 in Unarmed Combat
   545 | D        | Arena points: 258 (+120) [x5]
   560 | D        | Round 5.
   560 | D        | Noticed a naga
   576 | D        | Killed a naga
   577 | D        | Reached XP level 7. HP: 24/70 MP: 6/6
   621 | D        | Noticed a naga warlord
   625 | D        | Noticed a naga sharpshooter
   627 | D        | Mangled by a naga warlord

Illustrated notes

Levels and vault maps discovered:
D:        arena_sprint

Skill      XL: |  1  2  3  4  5  6 |
---------------+-------------------+-----
Throwing       | 2 3 |  3.7
Dodging        | 4 5 6 7 8 |  8.6
Fighting       | 2 3 4 |  4.3
Unarmed Combat | 4 6 7 8 10 | 10.6
Stealth        | |  0.3

Action                     |  1- 3 |  4- 6 |  7- 9 || total
---------------------------+-------+-------+-------++-------
  Melee: Unarmed           |    16 |    42 |     1 ||    59
         Punch             |     1 |       |       ||     1
 Armour: Robe              |    10 |    11 |       ||    21
  Dodge: Dodged            |    12 |    24 |     1 ||    37

Table legend: (Time is in decaauts)
 A = Elapsed time spent in this place.
 B = Non-inter-level travel time spent in this place.
 C = Inter-level travel time spent in this place.
 D = Time resting spent in this place.
 E = Time spent auto-exploring this place.
 F = Levels seen in this place.
 G = Mean time per level.
                   A        B        C        D        E       F      G
               +--------+--------+--------+--------+--------+-----+--------+
         Total |    618 |    618 |      0 |    330 |     81 |   1 |  618.0 |
       Dungeon |    618 |    618 |      0 |    330 |     81 |   1 |  618.0 |
               +--------+--------+--------+--------+--------+-----+--------+

Top non-repeatable levels by time:
       D: 618 daAuts
